 Dungeon Crawl Stone Soup version 0.31.0-32-g396128a36d (webtiles) character file.

Game seed: 16065178591252189804

3229 Squeak the Carver (level 9, -7/68 HPs)
             Began as a Demonspawn Fighter on Mar 19, 2024.
             Was an Initiate of Gozag.
             Mangled by jimmypageman's ghost (17 damage)
             ... on level 9 of the Dungeon.
             The game lasted 00:11:34 (7723 turns).

Squeak the Carver (Demonspawn Fighter)              Turns: 7723, Time: 00:11:35

Health: -7/68      AC: 18    Str: 22    XL:     9   Next: 66%
Magic:  9/9        EV:  9    Int: 12    God:    Gozag
Gold:   401        SH:  5    Dex: 14    Spells: 8/8 levels left

rFire   . . .        E - +1 scimitar (elec)
rCold   . . .        c - +0 buckler
rNeg    . . .        b - +0 scale mail
rPois   .            o - +0 helmet
rElec   .            r - +0 cloak
rCorr   .            C - +0 pair of gloves
SInv    .            (no boots)
Will    .....        (no amulet) Stlth
                     T - +4 ring of protection
HPRegen 0.31/turn    S - +6 ring of strength
MPRegen 0.11/turn

%: no passive effects
@: no status effects
A: hooves 2, icy blue scales 2, demonic magic 1
a: Renounce Religion, Potion Petition, Call Merchant, Bribe Branch


You were on level 9 of the Dungeon.
You worshipped Gozag.
Gozag was aware of your devotion.
You visited 2 branches of the dungeon, and saw 10 of its levels.

You collected 992 gold pieces.
You spent 506 gold pieces at shops.
You paid 85 gold pieces to Gozag.


Innate Abilities, Weirdness & Mutations

You have hoof-like feet.
You are mostly covered in icy blue scales. (AC +3)
Spells you cast may paralyse adjacent enemies.


   Skills:
 - Level 5.0 Fighting
 - Level 5.2(7.5) Short Blades
 + Level 8.5(9.2) Long Blades
 - Level 2.9 Polearms
 - Level 5.0 Armour
 - Level 5.0 Shields


You had 8 spell levels left.
You didn't know any spells.
Your spell library contained the following spells:

 Spells                   Type           Power      Damage    Failure   Level
 Foxfire                  Conj/Fire      0%         2x1d4     69%         1
 Shock                    Conj/Air       0%         1d3       69%         1
 Slow                     Hex            0%         N/A       69%         1
 Lesser Beckoning         Tloc           0%         N/A       83%         2
 Confusing Touch          Hex            0%         N/A       96%         3
 Gell's Gravitas          Tloc           0%         N/A       96%         3
 Sigil of Binding         Hex            0%         N/A       96%         3
 Swiftness                Air            0%         N/A       96%         3
 Teleport Other           Tloc           0%         N/A       96%         3
 Vampiric Draining        Necr           0%         2d6       96%         3
 Airstrike                Air            0%         2d(0-16)  100%        4
 Animate Armour           Summ/Erth      0%         N/A       100%        4
 Summon Lightning Spire   Summ/Air       0%         N/A       100%        4
 Lee's Rapid Deconstruct  Erth           0%         3d4*      100%        5
 Plasma Beam              Fire/Air       0%         2x1d10    100%        6
 Starburst                Conj/Fire      0%         6d3       100%        6

Inventory:

Hand Weapons
 l - a +1 rapier of draining
 E - a +1 scimitar of electrocution (weapon)
Missiles
 g - 21 poisoned darts (quivered)
Armour
 b - a +0 scale mail (worn)
 c - a +0 buckler (worn)
 o - a +0 helmet (worn)
 r - a +0 cloak (worn)
 C - a +0 pair of gloves (worn)
Jewellery
 S - a +6 ring of strength (right hand)
 T - a +4 ring of protection (left hand)
Wands
 k - a wand of light (22)
 q - a wand of flame (11)
 u - a wand of charming (13)
Scrolls
 d - a scroll of torment {unknown}
 e - a scroll of noise
 f - a scroll of fog {unknown}
 i - a scroll of blinking {unknown}
 j - 2 scrolls of poison {unknown}
 n - a scroll of enchant armour {unknown}
 p - a scroll of enchant weapon {unknown}
 t - a scroll of brand weapon
 w - 4 scrolls of teleportation {@r2}
 y - a scroll of fear
 D - 2 scrolls of amnesia {unknown}
 G - a scroll of summoning {unknown}
Potions
 a - 2 potions of lignification
 h - 9 potions of heal wounds {@q2}
 m - a potion of attraction
 s - 3 potions of enlightenment
 v - a potion of resistance
 x - a potion of curing {@q1}
 z - a potion of magic
 A - 2 potions of brilliance
 B - a potion of berserk rage {!q}
 F - a potion of haste {@q3}

Dungeon Overview and Level Annotations

Branches:
Dungeon (9/15)             Temple (1/1) D:4
   Lair: D:8-11         Orc: D:9-12

Altars:
Ashenzari
Cheibriados
Fedhas
Gozag
Hepliaklqana
Kikubaaqudgha
Makhleb
Nemelex Xobeh
Qazlal
Ru
Sif Muna
Trog
Uskayaw
Vehumet
Wu Jian
Xom
Yredelemnul

Shops:
D:2 ?   D:5 *:!(*

Annotations:
D:9 jimmypageman's ghost, novice MiFi

# #.# .##.
#.# ....# #.#
.....# #.#
......# #.#
.▒▒▒...####.#
▒▒⌠▒▒.......#
▒...▒▒....###
..!..▒▒@.##
.!♣...W..#
..?..▒▒..#
▒...▒▒...#
▒▒⌠▒▒...##
.▒▒▒...##
......#
.....#


You could see jimmypageman's ghost.


Message History

Jimmypageman's ghost closely misses you.
Unknown command.
You miss jimmypageman's ghost. Your kick misses jimmypageman's ghost.
Jimmypageman's ghost is almost destroyed.
Jimmypageman's ghost hits you but does no damage.
You miss jimmypageman's ghost.
Jimmypageman's ghost is almost destroyed.
Jimmypageman's ghost hits you but does no damage.
Unknown command.
You completely miss jimmypageman's ghost.
Your kick misses jimmypageman's ghost.
Jimmypageman's ghost is severely damaged.
Jimmypageman's ghost hits you.
* * * LOW HITPOINT WARNING * * *
Unknown command.
You slash jimmypageman's ghost!
Jimmypageman's ghost is almost destroyed.
Jimmypageman's ghost hits you but does no damage.
Unknown command.
You completely miss jimmypageman's ghost.
Your kick misses jimmypageman's ghost.
Jimmypageman's ghost is almost destroyed.
Jimmypageman's ghost closely misses you.
You hit jimmypageman's ghost.
Jimmypageman's ghost is almost destroyed.
Jimmypageman's ghost hits you.
* * * LOW HITPOINT WARNING * * *
You are electrocuted!
You die...
Your body crumbles into a pile of gold.

Skill      XL: |  1  2  3  4  5  6  7  8  9 |
---------------+----------------------------+-----
Polearms       | 2 |  2.9
Shields        | 3 4 5 |  5.0
Armour         | 3 4 5 |  5.0
Fighting       | 4 5 |  5.0
Short Blades   | 1 4 5 |  5.2
Long Blades    | 5 8 |  8.5

Action                     |  1- 3 |  4- 6 |  7- 9 || total
---------------------------+-------+-------+-------++-------
  Melee: Trident           |   144 |    24 |       ||   168
         Kick              |    20 |    39 |   116 ||   175
         Rapier            |       |   103 |   262 ||   365
         Scimitar          |       |       |   143 ||   143
    Use: Scroll            |     1 |     1 |     8 ||    10
         Potion            |     1 |       |       ||     1
 Armour: Scale mail        |    79 |    85 |   372 ||   536
  Dodge: Dodged            |    44 |    50 |   212 ||   306
  Block: Buckler           |    24 |    28 |   119 ||   171

Levels and vault maps discovered:
D:1:      dpeg_arrival_circle_labyrinth_c, layout_loops_ring,
          dreamdust_ecumenical_altar_statues, dreamdust_princess_corridor,
          solitary_fountain, hangedman_decor_points
D:2:      layout_loops_ring, serial_shops, nicolae_shop_behind_doors,
          minmay_tromino_v4_b
D:3:      layout_basic, zin_treasury, kennysheep_generic_room_7
D:4:      layout_loops_ring, hangedman_ru_absence, minmay_temple_entry_glass,
          uniq_natasha
D:5:      kennysheep_six_static_rooms, layout_rooms, serial_shops,
          nicolae_shop_window_shopping, nicolae_shop_hallway_stairs, shop, shop,
          shop, uniq_ijyb
D:6:      minmay_bubble_buster, layout_cave_pools, serial_undead,
          serial_undead_a, serial_undead_e, serial_undead_b, serial_undead_c
D:7:      layout_basic, regret_index_temple_of_mockery,
          minmay_misc_feat_ornament
D:8:      layout_basic, elyvilon_altar_4, marbit_many_paths, item_on_display_a
D:9:      layout_loops_ring, grunt_dithmenos_smoke_and_mirrors,
          hellmonk_ghost_happy_afterlife, enter_bailey_5
Temple:   nicolae_temple_bog_church

Notes
Turn   | Place    | Note
-------+----------+-------------------------------------------
     0 | D:1      | Squeak the Demonspawn Fighter began the quest for the Orb.
     0 | D:1      | Reached XP level 1. HP: 18/18 MP: 1/1
   343 | D:1      | Reached skill level 2 in Polearms
   399 | D:1      | Gained mutation: You have large cloven feet. [demonic
                  | ancestry]
   399 | D:1      | Reached XP level 2. HP: 24/24 MP: 2/2
   449 | D:1      | Found a faded altar of an unknown god.
   497 | D:1      | Reached skill level 3 in Shields
   764 | D:1      | Reached XP level 3. HP: 15/29 MP: 3/3
  1252 | D:2      | Found Aloihiv's Magic Scroll Emporium.
  1255 | D:2      | Bought a scroll of identify for 28 gold pieces
  2055 | D:3      | Noticed a scorpion
  2062 | D:3      | Killed a scorpion
  2063 | D:3      | Reached skill level 3 in Armour
  2063 | D:3      | Reached XP level 4. HP: 24/37 MP: 4/4
  2260 | D:3      | Reached skill level 4 in Fighting
  2260 | D:3      | Reached XP level 5. HP: 39/42 MP: 5/5
  2891 | D:4      | Found a sacrificial altar of Ru.
  2946 | D:4      | Noticed an ogre
  2951 | D:4      | Killed an ogre
  2952 | D:4      | Reached skill level 1 in Short Blades
  2952 | D:4      | Reached skill level 4 in Shields
  2952 | D:4      | Gained mutation: You are partially covered in icy blue
                  | scales. (AC +2) [demonic ancestry]
  2952 | D:4      | Reached XP level 6. HP: 43/48 MP: 6/6
  3076 | D:4      | Noticed Natasha
  3084 | D:4      | Killed Natasha
  3088 | D:4      | Noticed Natasha
  3094 | D:4      | Killed Natasha
  3095 | D:4      | Reached skill level 2 in Short Blades
  3095 | D:4      | Reached skill level 4 in Armour
  3189 | D:4      | Found a staircase to the Ecumenical Temple.
  3226 | Temple   | Entered the Ecumenical Temple
  3305 | Temple   | Became a worshipper of Gozag Ym Sagoz the Greedy
  3704 | D:4      | Noticed Natasha
  3712 | D:4      | Killed Natasha
  3713 | D:4      | Reached skill level 3 in Short Blades
  3751 | D:5      | Entered Level 5 of the Dungeon
  3752 | D:5      | Found Ziliac's Distillery.
  3761 | D:5      | Bought a potion of enlightenment for 75 gold pieces
  3769 | D:5      | Found Xusuheho's Weapon Boutique.
  3812 | D:5      | Noticed Ijyb
  3835 | D:5      | Killed Ijyb
  3929 | D:5      | Noticed a water moccasin
  3939 | D:5      | Killed a water moccasin
  3940 | D:5      | Reached skill level 4 in Short Blades
  3940 | D:5      | Gained mutation: You have hoof-like feet. [demonic
                  | ancestry]
  3940 | D:5      | Reached XP level 7. HP: 42/54 MP: 7/7
  3944 | D:5      | Identified a potion of resistance
  4138 | D:5      | Reached skill level 5 in Short Blades
  4207 | D:5      | Found Ypheut's General Store.
  4212 | D:5      | Bought a scroll of teleportation for 45 gold pieces
  4212 | D:5      | Bought a scroll of fear for 60 gold pieces
  4212 | D:5      | Bought a potion of brilliance for 60 gold pieces
  4353 | D:5      | Found Redayh's Book Shoppe.
  4475 | D:5      | Found Tietoh's General Store.
  4758 | D:6      | Gained mutation: You are mostly covered in icy blue scales.
                  | (AC +3) [demonic ancestry]
  4758 | D:6      | Reached XP level 8. HP: 61/61 MP: 8/8
  4780 | D:6      | Reached skill level 1 in Long Blades
  4843 | D:6      | Reached skill level 5 in Fighting
  4955 | D:6      | Reached skill level 2 in Long Blades
  4955 | D:6      | Reached skill level 5 in Armour
  4955 | D:6      | Reached skill level 5 in Shields
  5037 | D:6      | Reached skill level 3 in Long Blades
  5332 | D:6      | Reached skill level 4 in Long Blades
  5581 | D:6      | Reached skill level 5 in Long Blades
  5651 | D:5      | Bought a +1 scimitar of electrocution for 238 gold pieces
  5860 | D:7      | Found a hazy altar of Hepliaklqana.
  5861 | D:7      | Found a shimmering altar of Xom.
  5861 | D:7      | Noticed a hell beast
  5862 | D:7      | Noticed a spectral ugly thing
  5862 | D:7      | Noticed a hell beast
  5979 | D:7      | Gained mutation: Spells you cast may paralyse adjacent
                  | enemies. [demonic ancestry]
  5979 | D:7      | Reached XP level 9. HP: 68/68 MP: 9/9
  6118 | D:7      | Reached skill level 6 in Long Blades
  6723 | D:8      | Reached skill level 7 in Long Blades
  6935 | D:8      | Reached skill level 8 in Long Blades
  7079 | D:8      | Found an ornate altar of the Wu Jian Council.
  7694 | D:9      | Found a runed translucent door.
  7696 | D:9      | Noticed jimmypageman's ghost (novice MiFi)
  7723 | D:9      | Mangled by jimmypageman's ghost

Vanquished Creatures
  A hornet (D:7)
  A yak (D:8)
  A water moccasin (D:5)
  3 orc warriors
  A hornet zombie (D:6)
  An ogre (D:4)
  2 centaurs
  A black bear (D:5)
  A phantom (D:6)
  A kobold brigand (D:6)
  5 bullfrogs
  4 scorpions
  6 killer bees (D:7)
  3 howler monkeys
  2 bombardier beetles
  A jelly (D:5)
  2 orc priests
  6 hounds
  A sleepcap (D:6)
  A centaur skeleton (D:6)
  Ijyb (D:5)
  Natasha (thrice) (D:4)
  5 iguanas
  6 orc wizards
  4 gnolls
  2 howler monkey zombies (D:6)
  6 adders
  2 shadow imps
  A white imp (D:5)
  4 ufetubi
  4 ribbon worms
  A dart slug (D:1)
  16 orcs
  3 ball pythons
  6 bats
  5 endoplasms
  5 giant cockroaches
  6 hobgoblins
  6 jackals (D:4)
  3 quokkas
  A frilled lizard (D:2)
  15 kobolds
  9 rats
158 creatures vanquished.

Table legend: (Time is in decaauts)
 A = Elapsed time spent in this place.
 B = Non-inter-level travel time spent in this place.
 C = Inter-level travel time spent in this place.
 D = Time resting spent in this place.
 E = Time spent auto-exploring this place.
 F = Levels seen in this place.
 G = Mean time per level.
                   A        B        C        D        E       F      G
               +--------+--------+--------+--------+--------+-----+--------+
         Total |   7779 |   7296 |    483 |    251 |   5697 |  10 |  777.9 |
       Dungeon |   7707 |   7294 |    413 |    251 |   5697 |   9 |  856.3 |
        Temple |     71 |      1 |     70 |      0 |      0 |   1 |   71.0 |
               +--------+--------+--------+--------+--------+-----+--------+

Top non-repeatable levels by time:
     D:1: 1212 daAuts
     D:5: 1094 daAuts
     D:6: 962 daAuts
     D:8: 956 daAuts
     D:2: 860 daAuts
     D:4: 843 daAuts
     D:3: 817 daAuts
     D:7: 816 daAuts
     D:9: 143 daAuts
  Temple: 71 daAuts

Table legend:
 A = Non-vault XP
 B = Vault XP
 C = Vault XP percentage of total XP
 D = Non-vault monster count
 E = Vault monster count
 F = Vault count percentage of total count
                 A         B        C        D         E       F
            +---------+---------+-------+---------+---------+-------
      Total |    3421 |    1192 |  25.8 |     128 |      30 |  19.0
            +---------+---------+-------+---------+---------+-------
        D:1 |      49 |       0 |   0.0 |      21 |       0 |   0.0
        D:2 |      39 |       4 |   9.3 |      15 |       2 |  11.8
        D:3 |     125 |      16 |  11.3 |      12 |       3 |  20.0
        D:4 |     333 |      35 |   9.5 |      17 |       1 |   5.6
        D:5 |     574 |     142 |  19.8 |      10 |       9 |  47.4
        D:6 |     605 |     796 |  56.8 |      25 |      14 |  35.9
        D:7 |     918 |       0 |   0.0 |      15 |       0 |   0.0
        D:8 |     587 |     199 |  25.3 |      10 |       1 |   9.1
        D:9 |     191 |       0 |   0.0 |       3 |       0 |   0.0
            +---------+---------+-------+---------+---------+-------
